[Event "Challengers Triathlon (GM2)"]
[Site "Biel, CH"]
[Date "2025.07.20"]
[Round "18"]
[White "Dardha, Daniel"]
[Black "Jumabayev, Rinat"]
[Result "1-0"]
[Board "2"]
[TimeControl "180+2"]
[WhiteFideId "240990"]
[BlackFideId "13702661"]
[WhiteTitle "GM"]
[BlackTitle "GM"]
[WhiteElo "2592"]
[BlackElo "2520"]
[WhiteTeam "BEL"]
[BlackTeam "KAZ"]
[WhiteClock "0:00:07"]
[BlackClock "0:00:04"]
[Variant "Standard"]

1. d4 Nf6 2. Bg5 e6 3. e4 h6 4. Bxf6 Qxf6 5. e5 Qd8 6. Qg4 c5 7. dxc5 Qg5 8. Qxg5 hxg5 9. Nc3 Bxc5 10. Ne4 Bd4 11. Nf3 Bxb2 12. Rb1 Ba3 13. Nfxg5 Nc6 14. f4 d5 15. exd6 f5 16. Rb3 Nd4 17. Rxa3 Nxc2+ 18. Kf2 Nxa3 19. Nc5 b6 20. Ncxe6 Bxe6 21. Nxe6 Kf7 22. Ng5+ Kf6 23. Be2 Rhd8 24. Rd1 Rac8 25. Bf3 Nc4 26. d7 Rc7 27. Re1 g6 28. Re6+ Kg7 29. Bc6 Rdxd7 30. Bxd7 Rxd7 31. Nf3 Nd6 32. Ne5 Ne4+ 33. Ke3 Rd6 34. Re7+ Kf8 35. Rxa7 Nc3 36. g3 Nd1+ 37. Kf3 Nc3 38. a3 b5 39. g4 fxg4+ 40. Kxg4 Ne4 41. Rb7 Nf6+ 42. Kf3 Nd5 43. Rxb5 Ne7 44. Rb8+ Kg7 45. Rb7 Kf6 46. Nd7+ Kf5 47. Nc5 Nd5 48. Rf7+ Nf6 49. a4 Rd5 50. Rc7 Rd4 51. a5 Rxf4+ 52. Ke2 Rh4 53. a6 Rxh2+ 54. Kd3 Ra2 55. Kc4 g5 56. a7 g4 57. Kb5 Nd5 58. Rf7 Kg6 59. Rd7 g3 60. Na6 Rb2+ 61. Kc5 Nb6 62. Rd6+ Kf5 63. Rxb6 Rxb6 64. a8=Q Rg6 65. Qf3 Ke5 66. Nb4 g2 67. Nd3 1-0

[Event "Challengers Triathlon (GM2)"]
[Site "Biel, CH"]
[Date "2025.07.20"]
[Round "18"]
[White "Ma, Qun"]
[Black "Theodorou, Nikolas"]
[Result "0-1"]
[Board "3"]
[TimeControl "180+2"]
[WhiteFideId "8603154"]
[BlackFideId "4262875"]
[WhiteTitle "GM"]
[BlackTitle "GM"]
[WhiteElo "2614"]
[BlackElo "2549"]
[WhiteTeam "CHN"]
[BlackTeam "GRE"]
[WhiteClock "0:00:26"]
[BlackClock "0:01:19"]
[Variant "Standard"]

1. e4 e5 2. Nf3 Nc6 3. Bb5 a6 4. Ba4 f5 5. d4 exd4 6. e5 b5 7. Bb3 Bb7 8. O-O Na5 9. Bxg8 Rxg8 10. Nxd4 Qe7 11. Nxf5 Qf7 12. Ng3 O-O-O 13. Nc3 Nc4 14. a4 b4 15. Nce4 Nxe5 16. Be3 h5 17. Qxh5 Qxh5 18. Nxh5 Bxe4 19. Rac1 Re8 20. Rfe1 Bd6 21. Bd4 Bc6 22. f4 Ng4 23. Bxg7 Bc5+ 0-1

[Event "Challengers Triathlon (GM2)"]
[Site "Biel, CH"]
[Date "2025.07.20"]
[Round "19"]
[White "Ma, Qun"]
[Black "Navara, David"]
[Result "0-1"]
[Board "1"]
[TimeControl "180+2"]
[WhiteFideId "8603154"]
[BlackFideId "309095"]
[WhiteTitle "GM"]
[BlackTitle "GM"]
[WhiteElo "2614"]
[BlackElo "2646"]
[WhiteTeam "CHN"]
[BlackTeam "CZE"]
[WhiteClock "0:00:03"]
[BlackClock "0:00:06"]
[Variant "Standard"]

1. e4 e5 2. Nf3 Nc6 3. Bb5 Nf6 4. O-O Nxe4 5. d4 Nd6 6. Bg5 Be7 7. Bxe7 Qxe7 8. Nxe5 O-O 9. Re1 Qh4 10. Nf3 Qh5 11. Bd3 b6 12. Nbd2 Bb7 13. c3 Rae8 14. Qc2 f6 15. h3 Ne7 16. Qa4 Bc6 17. Qb3+ Qf7 18. c4 Ng6 19. c5 Bd5 20. Qc2 Nb7 21. b4 Nd8 22. a3 Ne6 23. Bc4 Nef4 24. h4 Ne7 25. g3 Bxc4 26. Qxc4 Qxc4 27. Nxc4 Nfd5 28. Ne3 h5 29. Kf1 Kf7 30. b5 Nxe3+ 31. Rxe3 Nd5 32. Rxe8 Rxe8 33. a4 a6 34. cxb6 cxb6 35. Rb1 Ra8 36. Nd2 Nc3 37. Rc1 Nxa4 38. bxa6 Rxa6 39. Rc7 Ke6 40. Rc8 b5 41. Rg8 Kf7 42. Rd8 Nb6 43. Rb8 Nc4 44. Ne4 Re6 45. Nc3 Nd2+ 46. Kg2 Ne4 47. Nxb5 Rc6 48. Kf3 d5 49. Rb7+ Kg6 50. Nc7 Rc3+ 51. Kf4 Nxf2 52. g4 Nh3# 0-1

[Event "Challengers Triathlon (GM2)"]
[Site "Biel, CH"]
[Date "2025.07.20"]
[Round "19"]
[White "Theodorou, Nikolas"]
[Black "Dardha, Daniel"]
[Result "1-0"]
[Board "2"]
[TimeControl "180+2"]
[WhiteFideId "4262875"]
[BlackFideId "240990"]
[WhiteTitle "GM"]
[BlackTitle "GM"]
[WhiteElo "2549"]
[BlackElo "2592"]
[WhiteTeam "GRE"]
[BlackTeam "BEL"]
[WhiteClock "0:00:08"]
[BlackClock "0:00:03"]
[Variant "Standard"]

1. e4 d6 2. d4 Nf6 3. Nc3 e5 4. Nge2 Be7 5. g3 O-O 6. Bg2 c6 7. O-O b5 8. a3 Nbd7 9. h3 a5 10. g4 Ba6 11. b4 Nb6 12. Ng3 g6 13. Bh6 Re8 14. f4 Nc4 15. g5 Nd7 16. fxe5 Bxg5 17. Bxg5 Qxg5 18. Qf3 dxe5 19. Qxf7+ Kh8 20. Qxd7 Qxg3 21. Rf7 Qh4 22. d5 Rad8 23. Qxc6 Bc8 24. Nxb5 Ne3 25. Qf6+ Qxf6 26. Rxf6 axb4 27. axb4 Nxc2 28. Ra7 Rd7 29. Nd6 Rxa7 30. Nxe8 Kg8 31. b5 Bd7 32. Nd6 Ra1+ 33. Rf1 Ra2 34. b6 Ne3 35. Rf2 Ra1+ 36. Kh2 Rb1 37. b7 g5 38. Bf3 h5 39. Bxh5 Rb3 40. Bf7+ Kg7 41. Be6 Ba4 42. Rf7+ Kg6 43. Kg1 Rb2 44. Rf3 Rb1+ 45. Kf2 Nd1+ 46. Ke2 Rb2+ 47. Ke1 Rb6 48. Rf8 Rb2 49. b8=Q 1-0

[Event "Challengers Triathlon (GM2)"]
[Site "Biel, CH"]
[Date "2025.07.20"]
[Round "19"]
[White "Jumabayev, Rinat"]
[Black "Hakobyan, Aram"]
[Result "1/2-1/2"]
[Board "3"]
[TimeControl "180+2"]
[WhiteFideId "13702661"]
[BlackFideId "13306677"]
[WhiteTitle "GM"]
[BlackTitle "GM"]
[WhiteElo "2520"]
[BlackElo "2557"]
[WhiteTeam "KAZ"]
[BlackTeam "ARM"]
[WhiteClock "0:01:33"]
[BlackClock "0:01:53"]
[Variant "Standard"]

1. d4 Nf6 2. c4 e6 3. Nf3 d5 4. g3 Be7 5. Bg2 O-O 6. O-O Nbd7 7. b3 dxc4 8. bxc4 c5 9. Nc3 cxd4 10. Qxd4 Nb6 11. Rb1 Qc7 12. Nb5 Qxc4 13. Qxc4 Nxc4 14. Nc7 Rb8 15. Na6 Ra8 16. Nc7 Rb8 17. Na6 1/2-1/2

[Event "Challengers Triathlon (GM2)"]
[Site "Biel, CH"]
[Date "2025.07.20"]
[Round "20"]
[White "Navara, David"]
[Black "Jumabayev, Rinat"]
[Result "1/2-1/2"]
[Board "1"]
[TimeControl "180+2"]
[WhiteFideId "309095"]
[BlackFideId "13702661"]
[WhiteTitle "GM"]
[BlackTitle "GM"]
[WhiteElo "2646"]
[BlackElo "2520"]
[WhiteTeam "CZE"]
[BlackTeam "KAZ"]
[WhiteClock "0:00:07"]
[BlackClock "0:00:06"]
[Variant "Standard"]

1. e4 e5 2. Nf3 Nc6 3. Bb5 Nf6 4. d3 Bc5 5. c3 O-O 6. O-O Re8 7. Re1 a6 8. Ba4 d6 9. h3 b5 10. Bb3 h6 11. a4 Rb8 12. Nbd2 Bb6 13. axb5 axb5 14. Nf1 Be6 15. Bxe6 Rxe6 16. Be3 d5 17. Bxb6 Rxb6 18. Qc2 Rb8 19. Ne3 Qd7 20. exd5 Nxd5 21. Nxd5 Qxd5 22. Re3 Rbe8 23. Rae1 R6e7 24. Qe2 Re6 25. Nh4 g6 26. Qg4 Kh7 27. Qf3 Qxf3 28. Nxf3 Kg7 29. g3 f5 30. d4 e4 31. d5 Ne5 32. dxe6 Nxf3+ 33. Rxf3 exf3 34. Re5 Kf6 35. Rxb5 Rxe6 36. Kf1 Rd6 37. Ke1 Re6+ 38. Kf1 Rd6 39. Ke1 Re6+ 40. Kd2 Re2+ 41. Kd3 g5 42. Rc5 g4 43. hxg4 fxg4 44. Rxc7 Rxb2 45. Ke3 h5 46. Rc6+ Kg7 47. Rc7+ Kf6 48. Rc6+ Kg7 49. Rc7+ Kf6 1/2-1/2

[Event "Challengers Triathlon (GM2)"]
[Site "Biel, CH"]
[Date "2025.07.20"]
[Round "20"]
[White "Hakobyan, Aram"]
[Black "Theodorou, Nikolas"]
[Result "0-1"]
[Board "2"]
[TimeControl "180+2"]
[WhiteFideId "13306677"]
[BlackFideId "4262875"]
[WhiteTitle "GM"]
[BlackTitle "GM"]
[WhiteElo "2557"]
[BlackElo "2549"]
[WhiteTeam "ARM"]
[BlackTeam "GRE"]
[WhiteClock "0:00:03"]
[BlackClock "0:00:12"]
[Variant "Standard"]

1. d4 e6 2. c4 b6 3. e4 Bb4+ 4. Bd2 Bxd2+ 5. Qxd2 d5 6. Bd3 Nc6 7. Ne2 dxe4 8. Bxe4 Bb7 9. Nbc3 Nf6 10. Bf3 Na5 11. Bxb7 Nxb7 12. O-O O-O 13. Rad1 Qe7 14. Nf4 Rad8 15. Qe3 Nd6 16. Qe2 Nf5 17. d5 e5 18. Nd3 e4 19. Ne1 Qe5 20. Nc2 Rfe8 21. Ne3 Nd4 22. Qd2 c5 23. Ne2 Nxe2+ 24. Qxe2 h5 25. h3 g6 26. a3 b5 27. cxb5 Nxd5 28. Nxd5 Rxd5 29. Rxd5 Qxd5 30. Rd1 Qb3 31. Rd7 e3 32. fxe3 Rxe3 33. Qf2 Qe6 34. Rxf7 Re2 35. Rf8+ Kg7 36. Qf4 g5 37. Qf5 Re1+ 38. Kh2 Qd6+ 39. g3 Re2+ 40. Qf2 Rxf2+ 41. Rxf2 h4 42. Rg2 Kg6 43. a4 Kh5 0-1

[Event "Challengers Triathlon (GM2)"]
[Site "Biel, CH"]
[Date "2025.07.20"]
[Round "20"]
[White "Dardha, Daniel"]
[Black "Ma, Qun"]
[Result "0-1"]
[Board "3"]
[TimeControl "180+2"]
[WhiteFideId "240990"]
[BlackFideId "8603154"]
[WhiteTitle "GM"]
[BlackTitle "GM"]
[WhiteElo "2592"]
[BlackElo "2614"]
[WhiteTeam "BEL"]
[BlackTeam "CHN"]
[WhiteClock "0:00:08"]
[BlackClock "0:00:09"]
[Variant "Standard"]

1. d4 d5 2. c4 e6 3. Nf3 Nf6 4. Nc3 c5 5. e3 Nc6 6. a3 a6 7. dxc5 Bxc5 8. b4 Ba7 9. Ra2 dxc4 10. Qxd8+ Kxd8 11. Bxc4 Ke7 12. Rc2 b5 13. Bd3 Bb7 14. Bb2 Rac8 15. Ke2 Nb8 16. Rhc1 Nbd7 17. a4 bxa4 18. Nxa4 Rxc2+ 19. Rxc2 Rc8 20. Rxc8 Bxc8 21. Ne5 Nxe5 22. Bxe5 g6 23. Bc7 Nd5 24. Ba5 Bd7 25. g3 Bxa4 0-1

[Event "Challengers Triathlon (GM2)"]
[Site "Biel, CH"]
[Date "2025.07.22"]
[Round "21"]
[White "Theodorou, Nikolas"]
[Black "Navara, David"]
[Result "1-0"]
[Board "1"]
[TimeControl "40/7200+30:1800+30"]
[WhiteFideId "4262875"]
[BlackFideId "309095"]
[WhiteTitle "GM"]
[BlackTitle "GM"]
[WhiteElo "2625"]
[BlackElo "2662"]
[WhiteTeam "GRE"]
[BlackTeam "CZE"]
[WhiteClock "0:03:55"]
[BlackClock "0:06:48"]
[Variant "Standard"]

1. d4 Nf6 2. c4 e6 3. Nc3 Bb4 4. g3 O-O 5. Bg2 d5 6. a3 Be7 7. Nf3 dxc4 8. Ne5 Nc6 9. Bxc6 bxc6 10. Nxc6 Qe8 11. Nxe7+ Qxe7 12. Qa4 c5 13. dxc5 Qxc5 14. Be3 Qc7 15. Rd1 e5 16. f3 Bb7 17. O-O e4 18. fxe4 Nxe4 19. Qd7 Qc6 20. Qxc6 Bxc6 21. Nxe4 Bxe4 22. Rd4 Rfe8 23. Rxc4 Bd5 24. Rc3 a5 25. b3 Rac8 26. Rxc8 Rxc8 27. b4 axb4 28. axb4 Rc3 29. Rd1 Rxe3 30. Rxd5 Kf8 31. Kf2 Rb3 32. b5 Ke7 33. h4 g6 34. g4 Ke6 35. e4 h6 36. h5 gxh5 37. gxh5 Rc3 38. Ke2 Rb3 39. Kd2 Rb4 40. Kd3 f6 41. Rc5 Kd7 42. Ke3 Kd6 43. Rd5+ Ke7 44. Kf4 Ke6 45. Rc5 Rb1 46. Rc6+ Ke7 47. b6 Rb5 48. Rc7+ Kd6 49. Rc8 Rxb6 50. Kf5 Rb5+ 51. Kxf6 Rxh5 52. Rd8+ Kc7 53. Rd3 Rh2 54. e5 h5 55. e6 h4 56. e7 Rf2+ 57. Ke6 Re2+ 58. Kf7 Rf2 59. Kg7 Rg2 60. Kf8 Rf2+ 61. Ke8 Rf1 62. Rc3+ Kb6 63. Rh3 Rf4 64. Kd7 Rd4+ 65. Ke6 Re4 66. Kd6 Kb7 67. Rb3+ Kc8 68. Rc3+ Kb7 69. Kd7 Rd4 70. Ke6 Re4+ 71. Kf6 Re2 72. Rf3 h3 73. Rxh3 Rf2+ 74. Ke6 Re2+ 75. Kd7 Rd2 76. Ke8 1-0

[Event "Challengers Triathlon (GM2)"]
[Site "Biel, CH"]
[Date "2025.07.22"]
[Round "21"]
[White "Jumabayev, Rinat"]
[Black "Hakobyan, Aram"]
[Result "1/2-1/2"]
[Board "2"]
[TimeControl "40/7200+30:1800+30"]
[WhiteFideId "13702661"]
[BlackFideId "13306677"]
[WhiteTitle "GM"]
[BlackTitle "GM"]
[WhiteElo "2546"]
[BlackElo "2621"]
[WhiteTeam "KAZ"]
[BlackTeam "ARM"]
[WhiteClock "0:12:58"]
[BlackClock "0:21:11"]
[Variant "Standard"]

1. e4 c5 2. Nf3 e6 3. Nc3 Nc6 4. h3 Be7 5. Bb5 Qb6 6. O-O Nd4 7. a4 a6 8. Bd3 Nc6 9. Re1 d6 10. Ne2 Nb4 11. Bc4 d5 12. exd5 exd5 13. Bb3 c4 14. a5 cxb3 15. c3 Qd6 16. cxb4 Nf6 17. d3 O-O 18. Bd2 Bd7 19. Ned4 Rfe8 20. Qxb3 Bf8 21. b5 h6 22. Rxe8 Rxe8 23. Re1 Ne4 24. dxe4 dxe4 25. bxa6 bxa6 26. Qb6 exf3 27. Rxe8 Bxe8 28. Qxd6 Bxd6 29. Nxf3 f6 30. Nd4 Be5 31. Bc3 Bxd4 32. Bxd4 Bb5 33. Bc3 Be8 34. Bd4 Bb5 35. Bc3 Be8 36. Bd4 Bb5 1/2-1/2

[Event "Challengers Triathlon (GM2)"]
[Site "Biel, CH"]
[Date "2025.07.23"]
[Round "22"]
[White "Navara, David"]
[Black "Hakobyan, Aram"]
[Result "1/2-1/2"]
[Board "1"]
[TimeControl "40/7200+30:1800+30"]
[WhiteFideId "309095"]
[BlackFideId "13306677"]
[WhiteTitle "GM"]
[BlackTitle "GM"]
[WhiteElo "2662"]
[BlackElo "2621"]
[WhiteTeam "CZE"]
[BlackTeam "ARM"]
[WhiteClock "0:27:26"]
[BlackClock "0:41:31"]
[Variant "Standard"]

1. e4 c5 2. Nf3 e6 3. d4 cxd4 4. Nxd4 Nf6 5. Nc3 Nc6 6. Nxc6 bxc6 7. e5 Nd5 8. Ne4 Bb7 9. Be2 c5 10. O-O Qc7 11. c4 Nb4 12. Nd6+ Bxd6 13. exd6 Qb6 14. Be3 Be4 15. Qd2 Nc2 16. Rac1 Nxe3 17. Qxe3 Bg6 18. h4 h6 19. h5 Bh7 20. Qc3 O-O 21. Rfd1 a5 22. Bd3 Rfb8 23. Rc2 Ra6 24. Qe5 f5 25. Be2 f4 26. Rcd2 Rf8 27. Bg4 Kh8 28. Rc1 Qc6 29. Bf3 Qb6 30. Bg4 Qc6 31. Bf3 Qb6 32. Bg4 Qc6 33. Bf3 1/2-1/2

[Event "Challengers Triathlon (GM2)"]
[Site "Biel, CH"]
[Date "2025.07.23"]
[Round "22"]
[White "Theodorou, Nikolas"]
[Black "Jumabayev, Rinat"]
[Result "1/2-1/2"]
[Board "2"]
[TimeControl "40/7200+30:1800+30"]
[WhiteFideId "4262875"]
[BlackFideId "13702661"]
[WhiteTitle "GM"]
[BlackTitle "GM"]
[WhiteElo "2625"]
[BlackElo "2546"]
[WhiteTeam "GRE"]
[BlackTeam "KAZ"]
[WhiteClock "0:19:09"]
[BlackClock "0:02:47"]
[Variant "Standard"]

1. d4 d5 2. Nf3 Nf6 3. Bf4 c5 4. e3 e6 5. Be2 Nc6 6. O-O Bd6 7. dxc5 Bxc5 8. c4 O-O 9. Nc3 dxc4 10. Bxc4 a6 11. a3 b5 12. Bd3 Be7 13. Ne4 Nd5 14. Rc1 Bb7 15. Bg3 Rc8 16. h4 h6 17. Bb1 Qb6 18. Nd6 Bxd6 19. Bxd6 Rfd8 20. Bc5 Qc7 21. Qc2 Nf6 22. b4 Ne7 23. Qb2 Bxf3 24. gxf3 Qb7 25. Qe5 Qxf3 26. Bxe7 Rxc1 27. Rxc1 Rd1+ 28. Rxd1 Qxd1+ 29. Kg2 Qxb1 30. Bxf6 Qg6+ 31. Bg5 hxg5 32. hxg5 Qd3 33. Kf3 Qd1+ 34. Kg3 Qg1+ 35. Kf3 Qd1+ 36. Kg3 Qg1+ 37. Kf3 Qd1+ 1/2-1/2

[Event "Challengers Triathlon (GM2)"]
[Site "Biel, CH"]
[Date "2025.07.24"]
[Round "23"]
[White "Navara, David"]
[Black "Jumabayev, Rinat"]
[Result "1/2-1/2"]
[Board "1"]
[TimeControl "40/7200+30:1800+30"]
[WhiteFideId "309095"]
[BlackFideId "13702661"]
[WhiteTitle "GM"]
[BlackTitle "GM"]
[WhiteElo "2662"]
[BlackElo "2546"]
[WhiteTeam "CZE"]
[BlackTeam "KAZ"]
[WhiteClock "0:05:10"]
[BlackClock "0:01:29"]
[Variant "Standard"]

1. e4 e5 2. Nf3 Nc6 3. Bc4 Nf6 4. d3 Be7 5. O-O O-O 6. Re1 d6 7. a4 Re8 8. a5 a6 9. Nc3 h6 10. h3 Bf8 11. Bd2 Be6 12. Bxe6 Rxe6 13. Nd5 Ne7 14. Nxf6+ Rxf6 15. d4 exd4 16. Nxd4 Qd7 17. c4 Re8 18. Ra3 Nc6 19. Nf5 Rfe6 20. f3 Ne5 21. Rc3 Nc6 22. Rc2 Kh7 23. Ne3 Be7 24. Bc3 Bf6 25. Bxf6 Rxf6 26. Nd5 Rfe6 27. b4 f5 28. Rce2 fxe4 29. Qb1 Kg8 30. Rxe4 Nd8 31. Kf2 c6 32. Nf4 Rxe4 33. Rxe4 Nf7 34. Ng6 Ne5 35. Nxe5 Rxe5 36. f4 Re7 37. Qe1 Rxe4 38. Qxe4 Kf7 39. g4 d5 40. Qd4 Qe6 41. cxd5 cxd5 42. f5 Qd6 43. Kf3 Qd7 44. Ke3 Qd6 45. Qf4 Qe7+ 46. Kd3 Qe1 47. Qc7+ Kg8 48. Qd8+ Kh7 49. Qxd5 Qxb4 50. f6 Qb1+ 51. Kc3 Qc1+ 52. Kb4 Qb2+ 53. Kc5 b6+ 54. axb6 Qb5+ 55. Kd6 Qxb6+ 56. Kd7 Qxf6 57. h4 Qxh4 58. Qf5 Kh8 59. Qf8+ Kh7 60. Qf5 Kg8 61. Qe6+ Kh8 62. Qe8+ Kh7 63. Qe4 Kh8 64. Qe8+ Kh7 65. Qe4 g6 66. Qb7 Qf6 67. Ke8+ Kh8 68. Qd5 Qg7 69. Qc6 a5 70. Qa6 Qe5+ 71. Kf7 Qc7+ 72. Kxg6 Qg7+ 73. Kf5 Qg5+ 74. Ke4 Qxg4+ 75. Kd3 Qf5+ 76. Kc3 Kg7 77. Qb7+ Kg6 78. Qg2+ Kh5 79. Qh2+ Kg5 80. Qd2+ Qf4 81. Qd5+ Qf5 82. Qd2+ Qf4 83. Qd5+ Kg4 84. Qxa5 h5 85. Kd3 h4 86. Ke2 h3 87. Qd5 Kg3 88. Qg8+ Kh2 89. Qg6 Qc4+ 90. Kf2 Qa2+ 91. Ke1 Qa1+ 92. Ke2 Qb2+ 93. Ke1 Qc3+ 94. Ke2 Qg3 95. Qf5 Qg2+ 96. Qf2 Kh1 97. Ke1 Qe4+ 98. Kd2 Qb4+ 99. Ke2 Qe4+ 100. Kd2 Qd5+ 101. Ke1 Qe5+ 102. Kf1 Qb5+ 103. Ke1 Qb1+ 104. Ke2 Qc2+ 105. Ke1 Qc1+ 106. Ke2 Qc2+ 107. Ke1 Qe4+ 108. Kd2 Qg2 109. Ke1 Qg1+ 110. Ke2 Qxf2+ 1/2-1/2

[Event "Challengers Triathlon (GM2)"]
[Site "Biel, CH"]
[Date "2025.07.24"]
[Round "23"]
[White "Hakobyan, Aram"]
[Black "Theodorou, Nikolas"]
[Result "1/2-1/2"]
[Board "2"]
[TimeControl "40/7200+30:1800+30"]
[WhiteFideId "13306677"]
[BlackFideId "4262875"]
[WhiteTitle "GM"]
[BlackTitle "GM"]
[WhiteElo "2621"]
[BlackElo "2625"]
[WhiteTeam "ARM"]
[BlackTeam "GRE"]
[WhiteClock "1:47:43"]
[BlackClock "1:55:05"]
[Variant "Standard"]

1. e4 e5 2. Nf3 Nc6 3. Bb5 Nf6 4. O-O Nxe4 5. d4 Nd6 6. dxe5 Nxb5 7. a4 Nbd4 8. Nxd4 d5 9. exd6 Nxd4 10. Qxd4 Qxd6 11. Qe4+ Qe6 12. Qd4 Qd6 13. Qe4+ Qe6 14. Qd4 Qd6 15. Qe4+ 1/2-1/2